 Dungeon Crawl Stone Soup version 0.24-a0-528-g98e85ec62a (webtiles) character file.

Game seed: 14628203973472194260

16748 GameOver the Zephyrmancer (level 12, -5/100 HPs)
             Began as a Naga Wizard on Aug 5, 2019.
             Was a High Priest of Kikubaaqudgha.
             Slain by a spiny frog (14 damage)
             ... on level 6 of the Lair of Beasts on Aug 6, 2019.
             The game lasted 01:21:50 (11380 turns).

GameOver the Zephyrmancer (Naga Wizard)            Turns: 11380, Time: 01:21:51

Health: -5/100     AC: 10    Str:  9    XL:     12   Next: 40%
Magic:  31/31      EV: 10    Int: 25    God:    Kikubaaqudgha [*****.]
Gold:   817        SH:  0    Dex:  9    Spells: 2/24 levels left

rFire    . . .     SeeInvis +   a - +5 scimitar
rCold    . . .     Gourm    +   (no shield)
rNeg     + . .     Faith    .   G - +2 robe {rN+}
rPois    +         Spirit   .   M - +1 hat
rElec    .         Reflect  .   N - +0 cloak
rCorr    .         Harm     .   P - +0 pair of gloves
MR       +....                  (no barding)
Stlth    +++.......             A - amulet of the gourmand
HPRegen  0.26/turn              (no ring)
MPRegen  0.22/turn              f - ring of magical power

@: very slow
A: large, see invisible, deformed body, poison resistance, slowness 2, slow
metabolism 1, spit poison 1, AC +4
a: Spit Poison, Receive Corpses, Torment, Renounce Religion


You were on level 6 of the Lair of Beasts.
You worshipped Kikubaaqudgha.
Kikubaaqudgha was extremely pleased with you.
You were very full.

You visited 3 branches of the dungeon, and saw 16 of its levels.

You collected 882 gold pieces.
You spent 65 gold pieces at shops.

Inventory:

Hand Weapons
 a - a +5 scimitar (weapon)
 s - a +0 trident
 w - a +3 longbow of flaming
 K - a +3 long sword of slicing
Armour
 h - a cursed +0 leather armour
 n - a +2 robe of fire resistance
 x - a +0 cloak
 G - a +2 robe of positive energy (worn)
 M - a +1 hat (worn)
 N - a +0 cloak (worn)
 P - a +0 pair of gloves (worn)
Jewellery
 f - a ring of magical power (right hand)
 j - a +3 ring of evasion
 k - an uncursed ring of wizardry
 A - an amulet of the gourmand (around neck)
 E - an uncursed ring of protection from magic
 I - an uncursed ring of protection from fire
 J - an uncursed ring of resist corrosion
Wands
 b - a wand of acid (13)
 p - a wand of random effects (45)
 q - a wand of flame (45)
 t - a wand of disintegration (24)
 C - a wand of paralysis (17)
 S - a wand of digging (5)
Scrolls
 c - 5 scrolls of amnesia
 e - 3 scrolls of blinking
 i - 9 scrolls of teleportation
 l - 4 scrolls of magic mapping
 m - 5 scrolls of enchant weapon
 r - 2 scrolls of fog
 v - 2 scrolls of enchant armour
 y - 6 scrolls of immolation
 B - a scroll of fear
 L - a scroll of remove curse
 O - a scroll of identify
 R - a scroll of holy word {unknown}
Potions
 g - 8 potions of curing
 o - 2 potions of haste
 u - 4 potions of resistance
 z - 4 potions of flight
 D - 3 potions of agility
 H - a potion of might
 Q - a potion of ambrosia
Comestibles
 d - 46 rations


   Skills:
 - Level 4.5 Fighting
 - Level 1.5 Dodging
 - Level 6.0 Stealth
 + Level 6.6 Spellcasting
 * Level 8.7 Conjurations
 - Level 6.2 Summonings
 - Level 9.0 Necromancy
 - Level 3.0 Translocations
 - Level 9.0 Air Magic
 - Level 6.0 Poison Magic
 - Level 4.5 Evocations


You had 2 spell levels left.
You knew the following spells:

 Your Spells              Type           Power        Failure   Level  Hunger
a - Bolt of Draining      Conj/Necr      ######....   4%          5    #####..
b - Blink                 Tloc           N/A          3%          2    None
c - Dispel Undead         Necr           ######..     4%          5    #####..
d - Mephitic Cloud        Conj/Pois/Air  #####...     1%          3    None
f - Conjure Flame         Conj/Fire      ####....     3%          3    None
q - Summon Lightning Spi  Summ/Air       #####...     3%          4    ###....

Your spell library contained the following spells:

 Spells                   Type           Power        Failure   Level  Hunger
 Magic Dart               Conj           ####         1%          1    None
 Pain                     Necr           ####         1%          1    None
 Summon Small Mammal      Summ           ####         1%          1    None
 Call Imp                 Summ           #####...     1%          2    None
 Corpse Rot               Necr           N/A          1%          2    None
 Sublimation of Blood     Necr           ######....   1%          2    None
 Shroud of Golubria       Chrm/Tloc      ###...       5%          2    None
 Slow                     Hex            #.......     11%         2    None
 Call Canine Familiar     Summ           #####...     1%          3    None
 Vampiric Draining        Necr           ######....   1%          3    None
 Animate Dead             Necr           N/A          1%          4    ###....
 Agony                    Necr           ######..     4%          5    #####..
 Gell's Gravitas          Tloc           ###.......   6%          3    None
 Lesser Beckoning         Tloc           ###.......   6%          3    None
 Summon Guardian Golem    Hex/Summ       ###.....     6%          3    None
 Teleport Other           Tloc           ###.....     6%          3    None
 Summon Ice Beast         Ice/Summ       ###.....     19%         4    ###....
 Passage of Golubria      Tloc           N/A          21%         4    ###....
 Borgnjor's Vile Clutch   Necr/Erth      ####......   30%         5    #####..
 Excruciating Wounds      Chrm/Necr      ####......   30%         5    #####..
 Simulacrum               Ice/Necr       ####......   86%         6    ######.


Dungeon Overview and Level Annotations

Branches:
Dungeon (9/15)             Temple (1/1) D:5            Lair (6/6) D:8
 Shoals (0/4) Lair:4       Spider (0/4) Lair:2          Orc (0/2) D:9
  Slime: Lair:5-6

Altars:
Ashenzari
Cheibriados
Dithmenos
Elyvilon
Fedhas
Gozag
Hepliaklqana
Kikubaaqudgha
Makhleb
Nemelex Xobeh
Okawaru
Qazlal
Ru
Sif Muna
Trog
Uskayaw
Vehumet
Wu Jian
Xom
Yredelemnul
Zin
The Shining One

Shops:
D:4 =   D:5 (   D:6 [

Annotations:
Lair:1 1 transporter


Innate Abilities, Weirdness & Mutations

You cannot wear boots.
Your serpentine skin is tough. (AC +4)
You have supernaturally acute eyesight. (SInv)
Armour fits poorly on your strangely shaped body.
Your system is resistant to poisons. (rPois)
You cover ground very slowly.
You have a slow metabolism.
You can spit poison.


Message History

The bullfrog barely misses you.
You riposte.
You completely miss the bullfrog. The blink frog hits you!
The blink frog blinks! x2
The spiny frog stings you but does no damage.
The spiny frog stings you! The yak gores you. The bullfrog barely misses you.
The blink frog closely misses you. The yak gores you!
* * * LOW HITPOINT WARNING * * *
The spiny frog closely misses you. The spiny frog completely misses you.
The spiny frog closely misses you. The yak gores you.
* * * LOW HITPOINT WARNING * * *
The bullfrog moves out of view.
There is a stone staircase leading up, spattered with blood here.
The blink frog closely misses you. The spiny frog stings you!
* * * LOW HITPOINT WARNING * * *
The yak gores you.
* * * LOW HITPOINT WARNING * * *
The blink frog hits you.
* * * LOW HITPOINT WARNING * * *
The blink frog blinks!
The spiny frog stings you!
You die...
Kikubaaqudgha rasps: "You have failed me!
Welcome... death!"

#### #####
###P#.###.#P.#
##...........?.
...............
...............
...........F...
#...YF§..§...
#...F@F......
#...FYF......
#....Y.#..... ###
#............
..........Y.#...F
......##..... .F
.....#..#Y...# #
..........####
..........P..#


You could see 5 yaks, 4 spiny frogs, 3 blink frogs and a bullfrog.

Vanquished Creatures
  Nergalle (Lair:2)
  A black mamba (Lair:6)
  2 spiny frogs (Lair:5)
  2 queen bees
  A troll (D:9)
  2 blink frogs
  A hippogriff (D:9)
  2 redbacks (Lair:2)
  3 yaks
  A human (D:9)
  A warg (D:8)
  2 orc warriors (D:9)
  2 sky beasts
  A phantom (D:9)
  2 centaurs
  4 ogres
  4 wolves
  9 bullfrogs
  A water moccasin skeleton (D:7)
  28 killer bees
  A wight (D:7)
  A vampire bat (D:4)
  2 howler monkeys
  3 crimson imps
  A quasit (D:9)
  A bullfrog skeleton (D:8)
  A jelly (D:7)
  A bullfrog zombie (D:6)
  10 orc priests
  7 hounds
  7 orc wizards
  3 iguanas
  Natasha (twice) (D:2)
  10 worker ants
  A killer bee zombie (D:3)
  A howler monkey zombie (D:5)
  3 worker ant zombies
  A gnoll (D:1)
  6 adders
  2 shadow imps (D:5)
  An ooze (D:4)
  6 worms
  3 dart slugs
  5 leopard geckos
  28 orcs
  A ball python (D:6)
  7 giant cockroaches
  4 goblins
  9 hobgoblins
  13 jackals
  3 quokkas
  16 bats
  6 frilled lizards
  10 kobolds
  10 rats
256 creatures vanquished.

Vanquished Creatures (collateral kills)
  Gastronok (Lair:2)
  Nessos (Lair:4)
  A catoblepas (Lair:5)
  Urug (Lair:2)
  A manticore (Lair:4)
  3 black mambas
  6 spiny frogs
  A komodo dragon (Lair:2)
  A hornet (D:7)
  13 blink frogs
  2 hippogriffs
  A basilisk (Lair:2)
  6 yaks
  A warg (D:8)
  8 water moccasins
  3 porcupines
  3 orc warriors
  A necrophage (D:9)
  A phantom (D:9)
  10 wolves
  2 crocodiles
  6 bullfrogs
  A scorpion (D:8)
  19 killer bees
  4 wights (D:7)
  4 orc wizards
  A jelly (D:7)
  An orc priest (D:9)
  An adder (D:9)
  An adder skeleton (D:9)
  9 orcs
114 creatures vanquished.

Vanquished Creatures (others)
  A killer bee (D:9)
  3 fungi (Lair:2)
  6 plants (Lair:6)
10 creatures vanquished.

Grand Total: 380 creatures vanquished

Notes
Turn   | Place    | Note
-------+----------+-------------------------------------------
     0 | D:1      | GameOver the Naga Wizard began the quest for the Orb.
     0 | D:1      | Reached XP level 1. HP: 15/15 MP: 4/4
   121 | D:1      | Reached XP level 2. HP: 22/22 MP: 4/6
   435 | D:1      | Reached XP level 3. HP: 28/28 MP: 7/7
   439 | D:1      | Learned a level 2 spell: Blink
   443 | D:1      | Learned a level 3 spell: Mephitic Cloud
   701 | D:2      | Noticed Natasha
   705 | D:2      | Found a stormy altar of Qazlal.
   716 | D:2      | Reached XP level 4. HP: 35/36 MP: 2/8
   717 | D:2      | Killed Natasha
   903 | D:2      | Reached XP level 5. HP: 38/42 MP: 5/9
   922 | D:2      | Found a shattered altar of Ashenzari.
   956 | D:2      | Found a burning altar of Makhleb.
   957 | D:2      | Found a shimmering altar of Xom.
   957 | D:2      | Found an ornate altar of the Wu Jian Council.
  1133 | D:2      | Noticed Natasha
  1136 | D:2      | Killed Natasha
  1136 | D:2      | Reached skill level 5 in Conjurations
  1244 | D:2      | Found a glowing golden altar of the Shining One.
  1244 | D:2      | Found an iron altar of Okawaru.
  1275 | D:3      | Noticed an ogre
  1282 | D:3      | Killed an ogre
  1282 | D:3      | Reached XP level 6. HP: 49/49 MP: 6/10
  1441 | D:3      | Learned a level 3 spell: Conjure Flame
  1772 | D:3      | Reached skill level 1 in Poison Magic
  2050 | D:4      | Noticed a hungry ghost
  2344 | D:4      | Found Etruts's Jewellery Shoppe.
  2350 | D:4      | Bought a cursed amulet of inaccuracy for 20 gold pieces
  2350 | D:4      | Bought a cursed ring of attention for 45 gold pieces
  2611 | D:4      | Reached skill level 5 in Stealth
  2611 | D:4      | Reached XP level 7. HP: 49/55 MP: 6/11
  3052 | D:5      | Entered Level 5 of the Dungeon
  3105 | D:5      | Found a staircase to the Ecumenical Temple.
  3136 | Temple   | Entered the Ecumenical Temple
  3178 | Temple   | Became a worshipper of Kikubaaqudgha
  3287 | D:5      | Reached skill level 1 in Air Magic
  3423 | D:5      | Found a hazy altar of Hepliaklqana.
  3447 | D:5      | Found Soysch's Weapon Shop.
  3516 | D:5      | Reached skill level 5 in Poison Magic
  3555 | D:5      | Reached * piety under Kikubaaqudgha
  3555 | D:5      | Identified Kikubaaqudgha's Disquisition on Evil
                  | (Kikubaaqudgha gifted it to you on level 5 of the Dungeon)
  3555 | D:5      | Received a gift from Kikubaaqudgha
  3562 | D:5      | Learned a level 4 spell: Summon Lightning Spire
  3569 | D:5      | Reached XP level 8. HP: 36/62 MP: 7/13
  4158 | D:6      | Found a sparkling altar of Nemelex Xobeh.
  4208 | D:6      | Found Jicyas's Armour Shoppe.
  4394 | D:6      | Got a clouded wooden ring
  4441 | D:6      | Found an opulent altar of Gozag.
  4854 | D:7      | Reached XP level 9. HP: 68/68 MP: 15/15
  4875 | D:7      | Noticed a hornet
  4883 | D:7      | Killed a hornet
  5009 | D:7      | Reached skill level 5 in Air Magic
  5221 | D:7      | Reached skill level 5 in Summonings
  5256 | D:7      | Reached ** piety under Kikubaaqudgha
  5644 | D:8      | Reached skill level 5 in Spellcasting
  5653 | D:8      | Noticed a queen bee
  5671 | D:8      | Killed a queen bee
  5690 | D:8      | Reached skill level 1 in Necromancy
  5690 | D:8      | Reached XP level 10. HP: 19/75 MP: 2/18
  5734 | D:8      | Reached *** piety under Kikubaaqudgha
  5734 | D:8      | Identified Kikubaaqudgha's Handbook of Evil (Kikubaaqudgha
                  | gifted it to you on level 8 of the Dungeon)
  5734 | D:8      | Received a gift from Kikubaaqudgha
  5738 | D:8      | Reached skill level 1 in Fighting
  5738 | D:8      | Reached skill level 1 in Evocations
  5752 | D:8      | Found a staircase to the Lair.
  6105 | D:8      | Found a radiant altar of Vehumet.
  6106 | D:8      | Found a basalt altar of Yredelemnul.
  6191 | D:9      | HP: 4/80 [orc/+0 trident (2)]
  6279 | D:9      | Reached **** piety under Kikubaaqudgha
  6490 | D:9      | Found a staircase to the Orcish Mines.
  6560 | D:9      | Found a burning altar of Makhleb.
  6606 | D:9      | Found a bloodstained altar of Trog.
  6754 | D:9      | Reached skill level 5 in Necromancy
  6991 | Lair:1   | Entered Level 1 of the Lair of Beasts
  7116 | Lair:1   | Noticed a spiny frog
  7121 | Lair:1   | Killed a spiny frog
  7126 | Lair:1   | Noticed a black mamba
  7139 | Lair:1   | Killed a black mamba
  7139 | Lair:1   | Reached XP level 11. HP: 40/90 MP: 20/20
  7267 | Lair:1   | Found a transporter.
  7585 | Lair:1   | Learned a level 5 spell: Dispel Undead
  7622 | Lair:1   | Found a transporter.
  7622 | Lair:1   | Noticed a swamp dragon
  7705 | Lair:2   | Noticed Nergalle
  7713 | Lair:2   | Found a hole to the Spider Nest.
  7714 | Lair:2   | Killed Nergalle
  7906 | Lair:2   | Identified the ring "Moel" {*Slow rPois MR+ SInv} (You
                  | found it on level 6 of the Dungeon)
  7934 | Lair:2   | HP: 1/92 [spiny frog (24)]
  8056 | Lair:2   | Reached ***** piety under Kikubaaqudgha
  8178 | Lair:2   | Noticed Gastronok
  8187 | Lair:2   | Killed Gastronok
  8304 | Lair:2   | Learned a level 5 spell: Bolt of Draining
  8404 | Lair:2   | Noticed Urug
  8415 | Lair:2   | Killed Urug
  9702 | Lair:4   | Reached XP level 12. HP: 100/100 MP: 21/21
  9825 | Lair:4   | Noticed Nessos
  9837 | Lair:4   | Killed Nessos
  9876 | Lair:4   | Found a staircase to the Shoals.
 11040 | Lair:6   | Entered Level 6 of the Lair of Beasts
 11051 | Lair:6   | Noticed a catoblepas
 11244 | Lair:5   | Killed a catoblepas
 11380 | Lair:6   | Slain by a spiny frog

Levels and vault maps discovered:
D:1:      evilmike_arrival_run_for_it, layout_rooms, chequers_garden,
          minmay_misc_feat_tower, minmay_misc_feat_diagonals
D:2:      layout_rooms, nicolae_qazlal_general_emergency,
          nicolae_overflow_hidden_temple, marbit_many_paths, uniq_natasha
D:3:      minmay_inner_zag, layout_basic, nrook_campfire, kennysheep_boxes
D:4:      layout_layer_cave, first_ration, serial_forest,
          infiniplex_forest_clump_small, infiniplex_forest_clump_long,
          infiniplex_forest_straight_2, infiniplex_forest_straight_5,
          infiniplex_forest_straight_3, infiniplex_forest_end_3,
          infiniplex_forest_lined_room_3, infiniplex_forest_clump_diagonal,
          serial_shops, shop, roderic_lattice_a, roderic_batcave
D:5:      layout_loops_ring, kennysheep_little_box,
          minmay_temple_entry_large_hall, serial_shops,
          nicolae_shop_window_shopping, minmay_misc_feat_secret_circle
D:6:      layout_rooms, nicolae_overflow_crystal_walls, lemuel_crystal_altar,
          serial_shops, shop
D:7:      layout_basic
D:8:      layout_cave_pools, gammafunk_temple_overflow_statue,
          erik_lair_orcish_takeover, david_nohive_1, grunt_ministairs_12
D:9:      layout_roguey [special_room_bee], kennysheep_mini_moat, erik_orc_4,
          basic_altar
Temple:   jpeg_temple_island
Lair:1:   gammafunk_cloud_chamber, layout_concentric_octagons
Lair:2:   layout_layer_cave, spider_nest_entry_webs, grunt_megastairs_4,
          uniq_nergalle, uniq_urug, uniq_gastronok
Lair:3:   layout_concentric_octagons
Lair:4:   layout_regular_city, minmay_shoals_entry_beasts, uniq_nessos
Lair:5:   layout_hall_layers
Lair:6:   minmay_lair_end_frog_pond, layout_cave_shapes, slime_altar_2

Skill      XL: |  1  2  3  4  5  6  7  8  9 10 11 12 |
---------------+-------------------------------------+-----
Conjurations   | 2 3 4 5 6 7 8 |  8.7
Poison Magic   | 3 5 6 |  6.0
Stealth        | 5 6 |  6.0
Air Magic      | 2 4 6 7 9 |  9.0
Summonings     | 4 6 |  6.2
Spellcasting   | 4 5 6 |  6.6
Translocations | 3 |  3.0
Necromancy     | 1 5 8 9 |  9.0
Fighting       | 3 4 |  4.5
Evocations     | 3 4 |  4.5
Dodging        | |  1.5

Action                   |  1- 3 |  4- 6 |  7- 9 | 10-12 || total
-------------------------+-------+-------+-------+-------++-------
Melee: Mace              |     1 |       |       |       ||     1
       Short sword       |    11 |    21 |       |       ||    32
       Quarterstaff      |       |     7 |    74 |       ||    81
       Scimitar          |       |       |    34 |   126 ||   160
 Cast: Magic Dart        |    32 |    78 |   143 |    15 ||   268
       Mephitic Cloud    |     1 |     2 |    14 |    50 ||    67
       Conjure Flame     |       |     1 |     8 |    15 ||    24
       Summon Lightning  |       |       |     5 |    59 ||    64
       Blink             |       |       |       |     7 ||     7
       Bolt of Draining  |       |       |       |     2 ||     2
 Abil: Spit Poison       |    32 |    47 |    77 |    83 ||   239
Evoke: Wand              |       |       |     2 |     8 ||    10
  Use: Potion            |     2 |     2 |       |     8 ||    12
       Scroll            |       |    10 |     5 |     6 ||    21
 Stab: Sleeping          |       |     2 |     2 |     1 ||     5
       Confused          |       |       |     3 |    12 ||    15
       Distracted        |       |       |       |     1 ||     1
  Eat: Chunk             |       |     9 |    25 |    28 ||    62
Armor: Robe              |     6 |    30 |    28 |    59 ||   123
       Skin              |       |       |       |     2 ||     2
Dodge: Dodged            |    25 |    61 |    95 |   152 ||   333
       Rpst.: Scimitar   |       |       |     6 |    49 ||    55

Table legend:
 A = Non-vault XP
 B = Vault XP
 C = Vault XP percentage of total XP
 D = Non-vault monster count
 E = Vault monster count
 F = Vault count percentage of total count
                 A         B        C        D         E       F
            +---------+---------+-------+---------+---------+-------
      Total |   14813 |    9113 |  38.1 |     273 |      98 |  26.4
            +---------+---------+-------+---------+---------+-------
        D:1 |      35 |       5 |  12.5 |      13 |       1 |   7.1
        D:2 |     144 |      37 |  20.4 |      35 |       2 |   5.4
        D:3 |     201 |       6 |   2.9 |      24 |       4 |  14.3
        D:4 |     206 |      69 |  25.1 |      10 |      10 |  50.0
        D:5 |     683 |       0 |   0.0 |      42 |       0 |   0.0
        D:6 |     591 |       0 |   0.0 |       9 |       0 |   0.0
        D:7 |    1242 |       0 |   0.0 |      26 |       0 |   0.0
        D:8 |     661 |    1475 |  69.1 |      13 |      25 |  65.8
        D:9 |    1674 |    1659 |  49.8 |      31 |      41 |  56.9
     Lair:1 |    1250 |       0 |   0.0 |      10 |       0 |   0.0
     Lair:2 |    2996 |    3452 |  53.5 |      23 |       7 |  23.3
     Lair:3 |    1341 |       0 |   0.0 |      15 |       0 |   0.0
     Lair:4 |    1195 |    1364 |  53.3 |      11 |       3 |  21.4
     Lair:5 |    1760 |    1046 |  37.3 |       8 |       5 |  38.5
     Lair:6 |     834 |       0 |   0.0 |       3 |       0 |   0.0
            +---------+---------+-------+---------+---------+-------
